 Dungeon Crawl Stone Soup version 0.19-a0-1553-g64c24c3 (webtiles) character file.

306 epen the Insei (level 6, -2/49 HPs)
             Began as a Merfolk Monk on Sept 14, 2016.
             Was a Priest of Dithmenos.
             Slain by an ogre
             ... wielding a +0 giant club
              (24 damage)
             ... on level 3 of the Dungeon.
             The game lasted 00:03:06 (3273 turns).

epen the Insei (Merfolk Monk)                       Turns: 3273, Time: 00:03:07

Health: -2/49      AC:  5    Str: 15    XL:     6   Next: 39%
Magic:  6/6        EV: 14    Int: 12    God:    Dithmenos [***...]
Gold:   186        SH:  0    Dex: 16    Spells: 0 memorised, 5 levels left

rFire  . . .     SeeInvis .       - Unarmed
rCold  . . .     Gourm    .     q - +0 ring mail
rNeg   . . .     Faith    .     (no shield)
rPois  .         Spirit   .     (no helmet)
rElec  .         Dismiss  .     (no cloak)
rCorr  .         Reflect  .     (no gloves)
MR     +....     Harm     .     (no boots)
Stlth  ++........               (no amulet)
                                u - +4 ring of strength
                                f - ring of protection from magic

@: wreathed by umbra
A: change form in water, swift swim, stealthy swim
a: Shadow Step, Renounce Religion


You were on level 3 of the Dungeon.
You worshipped Dithmenos.
Dithmenos was most pleased with you.
You were very hungry.

You visited 1 branch of the dungeon, and saw 4 of its levels.

You collected 186 gold pieces.

Inventory:

Armour
 a - a +0 robe
 q - a +0 ring mail (worn)
Jewellery
 f - a ring of protection from magic (left hand)
 u - a +4 ring of strength (right hand)
Scrolls
 c - a scroll of fog {unknown}
 d - 2 scrolls of enchant armour {unknown}
 h - a scroll of remove curse {unknown}
 j - a scroll of blinking {unknown}
 k - 3 scrolls of identify {unknown}
 m - 2 scrolls of recharging {unknown}
 s - a scroll of random uselessness {unknown}
 v - a scroll of teleportation {unknown}
 w - a scroll of magic mapping {unknown}
Potions
 e - 2 potions of berserk rage {unknown}
 g - 2 potions of degeneration {unknown}
 n - a potion of flight {unknown}
 p - a potion of brilliance {unknown}
 r - a potion of beneficial mutation {unknown}
 t - a potion of heal wounds {unknown}
Comestibles
 b - 3 bread rations
 i - 3 meat rations
 l - 4 fruits
 o - a slice of pizza


   Skills:
 + Level 4.7 Fighting
 + Level 5.6 Dodging
 - Level 2.1 Stealth
 * Level 5.9 Unarmed Combat


You had 5 spell levels left.
You didn't know any spells.

Dungeon Overview and Level Annotations

Branches:
Dungeon (4/15)
 Temple: D:4-7

Altars:
Dithmenos
The Shining One


Message History

The ogre misses you.
You punch the ogre!
The ogre is moderately wounded.
The ogre hits you with a giant club!!
Ouch! That really hurt!
You emit a cloud of dark smoke.
You hit the ogre but do no damage.
The ogre is moderately wounded.
You punch the ogre!
The ogre is severely wounded.
The ogre completely misses you.
You barely miss the ogre.
The ogre is severely wounded.
The ogre barely misses you.
You punch the ogre!
The ogre is almost dead.
You hit the ogre but do no damage.
The ogre is almost dead.
The ogre hits you with a giant club!!
You die...

# ##.## ## ######
##.#.## ... .....#
###.###.§§..#...<
.###.#
#......O#§§.#.....
.###.##......
#@§§..#....
O#..O>.......
##§§....###
.#.#.##......
#§####.... .....#
..... #.####.### #
.....## ###.
#.##...## .# ......#
##.##....##.#.#
.....##
##+###......_......#
....##
##...##.#.##....##..#
.#.##
##.......#.###...# .#


You could see an ogre.

Vanquished Creatures
  A phantom (D:4)
  A hound (D:4)
  A quasit (D:4)
  A worker ant (D:4)
  A gnoll (D:1)
  6 adders
  2 oozes
  3 worms
  A dart slug (D:1)
  3 giant geckos
  A ball python (D:1)
  6 bats
  7 goblins
  4 hobgoblins
  A jackal (D:2)
  3 kobolds (D:1)
  A quokka (D:4)
  9 frilled lizards
  4 rats
56 creatures vanquished.

Notes
Turn   | Place    | Note
-------+----------+-------------------------------------------
     0 | D:1      | epen the Merfolk Monk began the quest for the Orb.
     0 | D:1      | Reached XP level 1. HP: 18/18 MP: 1/1
    69 | D:1      | Reached XP level 2. HP: 20/24 MP: 2/2
   230 | D:1      | You fall through a shaft!
   322 | D:2      | Reached XP level 3. HP: 23/29 MP: 3/3
  1244 | D:2      | Reached XP level 4. HP: 33/37 MP: 4/4
  2162 | D:3      | Found a faded altar of an unknown god.
  2168 | D:3      | Became a worshipper of Dithmenos the Shadowed
  2168 | D:3      | Reached * piety under Dithmenos
  2168 | D:3      | Reached ** piety under Dithmenos
  2208 | D:3      | Noticed an ogre
  2618 | D:4      | Reached skill level 5 in Dodging
  2618 | D:4      | Reached skill level 5 in Unarmed Combat
  2618 | D:4      | Reached XP level 5. HP: 42/42 MP: 5/5
  2882 | D:4      | Noticed a phantom
  2928 | D:4      | Killed a phantom
  2928 | D:4      | Reached XP level 6. HP: 27/49 MP: 6/6
  3245 | D:3      | Found a glowing golden altar of the Shining One.
  3248 | D:3      | Reached *** piety under Dithmenos
  3273 | D:3      | Slain by an ogre

Vault maps used:
D:1:      minmay_arrival_four_loops
D:2:      kb_forest_paths, minmay_crystal_water
D:3:      nicolae_overflow_crystal_walls, first_bread, ecumenical_altar_2
D:4:      black_bear_nest_1

Skill      XL: |  1  2  3  4 |
---------------+-------------+-----
Unarmed Combat | 4 5 |  5.9
Fighting       | 4 |  4.7
Dodging        | 5 |  5.6
Stealth        | |  2.1

Action                   |  1- 3 |  4- 6 || total
-------------------------+-------+-------++-------
Melee: Unarmed           |    89 |   144 ||   233
       Punch             |       |     7 ||     7
 Stab: Sleeping          |    10 |     6 ||    16
       Distracted        |       |     1 ||     1
  Eat: Chunk             |       |     6 ||     6
Armor: Robe              |    11 |       ||    11
       Ring mail         |     3 |    40 ||    43
Dodge: Dodged            |    43 |    91 ||   134
